 Dungeon Crawl Stone Soup version 0.19.4-9-g45fd643 (webtiles) character file.

338 JeffiDaFish the Shield-Bearer (level 6, -6/38 HPs)
             Began as a Gargoyle Fighter on Feb 22, 2017.
             Was an Initiate of Okawaru.
             Mangled by UltraMegaBob's ghost (10 damage)
             ... on level 5 of the Dungeon.
             The game lasted 00:07:20 (3996 turns).

JeffiDaFish the Shield-Bearer (Gargoyle Fighter)    Turns: 3996, Time: 00:07:21

Health: -6/38      AC: 17    Str: 26    XL:     6   Next: 55%
Magic:  6/6        EV:  8    Int:  9    God:    Okawaru [......]
Gold:   203        SH: 10    Dex: 11    Spells: 0 memorised, 5 levels left

rFire  + . .     SeeInvis .     k - +3 mace
rCold  + . .     Gourm    .     b - +0 scale mail
rNeg   + . .     Faith    .     c - +0 shield
rPois  ∞         Spirit   .     n - +0 helmet
rElec  +         Reflect  .     e - +1 cloak
rCorr  .         Harm     .     p - +1 pair of gloves
MR     .....                    (no boots)
Stlth  ..........               (no amulet)
                                (no ring)
                                m - ring of protection from cold

@: mighty
A: fire resistance 1, negative energy resistance 1, electricity resistance,
strong 1, unbreathing, petrification resistance, rot immunity, AC +4
a: Renounce Religion


You were on level 5 of the Dungeon.
You worshipped Okawaru.
Okawaru was noncommittal.
You were not hungry.

You visited 1 branch of the dungeon, and saw 5 of its levels.

You collected 203 gold pieces.

Inventory:

Hand Weapons
 k - a +3 mace (weapon)
Armour
 b - a +0 scale mail (worn)
 c - a +0 shield (worn)
 e - a +1 cloak (worn)
 n - a +0 helmet (worn)
 p - a +1 pair of gloves (worn)
Jewellery
 m - a ring of protection from cold (left hand)
Scrolls
 a - 2 scrolls of teleportation
 h - 3 scrolls of identify
Potions
 d - a potion of might
Comestibles
 f - 4 bread rations
 i - a beef jerky
 l - a meat ration
 o - a slice of pizza


   Skills:
 + Level 4.1 Fighting
 + Level 4.5 Maces & Flails
 + Level 4.4 Armour
 + Level 1.0 Dodging
 + Level 0.2 Stealth
 + Level 4.5 Shields


You had 5 spell levels left.
You didn't know any spells.

Dungeon Overview and Level Annotations

Branches:
Dungeon (5/15)             Temple (0/1) D:4

Altars:
Elyvilon
Okawaru
Uskayaw
Zin

Annotations:
D:5 UltraMegaBob's ghost, novice HOFi


Innate Abilities, Weirdness & Mutations

You are resistant to torment.
Your stone body is resilient. (AC +4)
You are immune to poison.
You resist negative energy. (rN+)
You are resistant to electric shocks. (rElec)
You can survive without breathing.
You are immune to petrification.
You are immune to rotting.
Your flesh is heat resistant. (rF+)
Your muscles are strong. (Str +2)


Message History

UltraMegaBob's ghost hits you.
UltraMegaBob's ghost hits you but does no damage.
You closely miss UltraMegaBob's ghost.
You block UltraMegaBob's ghost's attack.
You hit UltraMegaBob's ghost but do no damage.
UltraMegaBob's ghost hits you!
You sock UltraMegaBob's ghost!
UltraMegaBob's ghost is lightly damaged.
UltraMegaBob's ghost hits you!
* * * LOW HITPOINT WARNING * * *
You feel better.
You block UltraMegaBob's ghost's attack.
You feel very mighty all of a sudden.
You block UltraMegaBob's ghost's attack.
You hit UltraMegaBob's ghost.
UltraMegaBob's ghost is moderately damaged.
UltraMegaBob's ghost hits you!
* * * LOW HITPOINT WARNING * * *
UltraMegaBob's ghost hits you!
You die...

###### #....##
..#... ###.#..
#...#.########
#@#.#<.......#
#W#.########.#
#..........#.#
#########.##...#.#
...............#.#
.########.#....#.#
#...#......#
#.###..#####
#.###..#


You could see UltraMegaBob's ghost.

Vanquished Creatures
  A scorpion (D:4)
  A bullfrog skeleton (D:5)
  An iguana (D:4)
  Crazy Yiuf (D:2)
  A worker ant (D:4)
  A hound skeleton (D:4)
  3 gnolls (D:3)
  4 adders
  An adder zombie (D:5)
  2 worms
  2 dart slugs (D:1)
  2 leopard geckos
  3 orcs
  3 ball pythons
  9 bats
  2 giant cockroaches
  3 goblins
  9 hobgoblins
  14 jackals
  13 kobolds
  4 quokkas
  4 frilled lizards
  A quokka skeleton (D:4)
  3 rats
88 creatures vanquished.

Notes
Turn   | Place    | Note
-------+----------+-------------------------------------------
     0 | D:1      | JeffiDaFish the Gargoyle Fighter began the quest for the Orb.
     0 | D:1      | Reached XP level 1. HP: 14/14 MP: 1/1
   367 | D:1      | Reached XP level 2. HP: 19/19 MP: 2/2
   506 | D:1      | Reached XP level 3. HP: 8/24 MP: 3/3
  1097 | D:2      | Found a white marble altar of Elyvilon.
  1434 | D:2      | Reached XP level 4. HP: 28/29 MP: 4/4
  1553 | D:2      | Found a runed door.
  1557 | D:2      | Noticed Crazy Yiuf
  1572 | D:2      | Killed Crazy Yiuf
  1810 | D:2      | Found a hide-covered altar of Uskayaw.
  1810 | D:2      | Found a faded altar of an unknown god.
  1816 | D:2      | Found a faded altar of an unknown god.
  1818 | D:2      | Found a faded altar of an unknown god.
  1820 | D:2      | Found a faded altar of an unknown god.
  2422 | D:3      | Reached skill level 1 in Dodging
  2422 | D:3      | Reached XP level 5. HP: 8/33 MP: 5/5
  2820 | D:3      | Found an iron altar of Okawaru.
  2831 | D:3      | Became a worshipper of Warmaster Okawaru
  3370 | D:4      | Found a staircase to the Ecumenical Temple.
  3392 | D:4      | Found a glowing silver altar of Zin.
  3584 | D:4      | Reached XP level 6. HP: 30/38 MP: 6/6
  3660 | D:4      | Gained mutation: Your muscles are strong. (Str +2) [potion of mutation]
  3660 | D:4      | Gained mutation: Your flesh is heat resistant. (rF+) [potion of mutation]
  3939 | D:5      | Entered Level 5 of the Dungeon
  3978 | D:5      | Noticed UltraMegaBob's ghost (novice HOFi)
  3996 | D:5      | Mangled by UltraMegaBob's ghost

Skill      XL: |  1  2  3  4  5 |
---------------+----------------+-----
Maces & Flails | 3 4 |  4.5
Armour         | 4 |  4.4
Dodging        | 1 |  1.0
Fighting       | 4 |  4.1
Shields        | 4 |  4.5
Stealth        | |  0.2

Action                   |  1- 3 |  4- 6 || total
-------------------------+-------+-------++-------
Melee: Flail             |   138 |    72 ||   210
       Mace              |       |   145 ||   145
  Use: Potion            |     1 |     4 ||     5
       Scroll            |     2 |     7 ||     9
  Eat: Chunk             |     2 |     8 ||    10
Armor: Scale mail        |    83 |   117 ||   200
Dodge: Dodged            |    46 |    60 ||   106
Block: Shield            |    87 |   103 ||   190
